 Dungeon Crawl Stone Soup version 0.18-a0-1468-g4d15c65 (console) character file.

80338 FIQ the Cleaver (level 15, 0/119 HPs)
             Began as a Demonspawn Gladiator on Feb 20, 2016.
             Was the Champion of Hepliaklqana.
             Killed from afar by a deep elf mage (18 damage)
             ... with a bolt of fire
             ... on level 1 of the Elven Halls on Feb 21, 2016.
             The game lasted 02:14:14 (24427 turns).

FIQ the Cleaver (Demonspawn Gladiator)             Turns: 24427, Time: 02:14:14

Health: 0/119      AC: 30    Str: 17      XL:     15   Next: 23%
Magic:  0/29       EV: 15    Int: 10 (13) God:    Hepliaklqana [******]
Gold:   988        SH:  0    Dex: 27      Spells: 1 memorised, 11 levels left

rFire  . . .     SeeInvis .     x - lantern of shadows
rCold  + . .     Gourm    .     g - +7 chain mail of the Failed Coup {rN+ Regen+ Dex+5}
rNeg   + . .     Faith    .     (no shield)
rPois  +         Spirit   +     (helmet restricted)
rElec  +         Dismiss  .     m - +1 cloak
rCorr  .         Reflect  .     V - +0 pair of gloves "Keomom" {*Corrode rC+ Str+2 Int+5}
SustAt .         Harm     .     (boots unavailable)
MR     +....     Clarity  +     t - amulet of magic regeneration
Stlth  ..........               b - ring of magical power
                                R - +5 ring of protection

@: about to teleport, drained, somewhat resistant to hostile enchantments,
extremely unstealthy
A: antennae 1, hooves 3, molten scales 2, clarity, foul stench 1, sense
surroundings 1, poison resistance, screaming 1, electricity resistance, magic
shield, magic regeneration, rot immunity
a: Recall Ancestor, Romanticise, Transference, Renounce Religion


You were on level 1 of the Elven Halls.
You worshipped Hepliaklqana.
Hepliaklqana was exalted by your worship.
You were not hungry.

You visited 5 branches of the dungeon, and saw 22 of its levels.
You also visited: Ossuary.

You collected 2186 gold pieces.
You spent 454 gold pieces at shops.

Inventory:

Hand Weapons
 a - a +0 war axe
 j - a +4 quarterstaff of chaos
 s - a +2 dagger of chaos
 y - a +3 demon whip
 J - a +1 whip of electrocution
Missiles
 d - 4 throwing nets (quivered)
Armour
 c - a +0 helmet
 g - the +7 chain mail of the Failed Coup (worn) {rN+ Regen+ Dex+5}
   (You found it on level 6 of the Dungeon)

   It affects your dexterity (+5).
   It protects you from negative energy.
   It increases your rate of regeneration.
 m - a +1 cloak (worn)
 z - the +3 scale mail "Muifrot" {Int+3}
   (You bought it in a shop on level 2 of the Orcish Mines)

   It affects your intelligence (+3).
 L - a +0 pair of boots
 V - the +0 pair of gloves "Keomom" (worn) {*Corrode rC+ Str+2 Int+5}
   (You found it on level 7 of the Lair of Beasts)

   It affects your strength (+2).
   It affects your intelligence (+5).
   It protects you from cold.
   It may corrode your equipment when you take damage.
Jewellery
 b - a ring of magical power (right hand)
 k - an uncursed ring of see invisible
 t - an amulet of magic regeneration (around neck)
 A - a +4 ring of intelligence
 R - a +5 ring of protection (left hand)
 Z - an uncursed ring of sustain attributes
Wands
 n - a wand of iceblast (2/15)
 B - a wand of teleportation (3/9)
 C - a wand of paralysis (5/24)
 G - a wand of enslavement (2/24)
 N - a wand of iceblast (6/15)
 S - a wand of acid (11/15)
 U - a wand of acid (12/15)
 W - a wand of acid (9/15)
 X - a wand of confusion (25/48)
Scrolls
 i - 3 scrolls of teleportation
 q - 5 scrolls of identify
 u - 2 scrolls of fog
 w - 3 scrolls of noise
 D - 11 scrolls of remove curse
 F - a scroll of random uselessness
 H - 6 scrolls of immolation
 I - a scroll of recharging
 M - a scroll of enchant armour
 P - a scroll of fear
 Y - a scroll of magic mapping
Potions
 e - 2 potions of might
 p - a potion of resistance
 v - 4 potions of cancellation
 E - 2 potions of curing
 O - 2 potions of berserk rage
 Q - a potion of haste
Miscellaneous
 x - a lantern of shadows (in hand)
 T - a legendary deck of changes {the Elixir, drawn: 10}
Comestibles
 f - 15 bread rations
 h - 4 slices of pizza
 l - 6 meat rations
 o - 3 royal jellies
 r - 11 beef jerkies


   Skills:
 - Level 11.4(11.1) Fighting
 - Level 14.6(14.2) Axes
 - Level 1.7(1.5) Throwing
 - Level 10.6(10.2) Armour
 - Level 11.0(10.7) Dodging
 + Level 2.4(2.2) Summonings
 - Level 7.3(7.0) Evocations


You had 11 spell levels left.
You knew the following spells:

 Your Spells              Type           Power        Failure   Level  Hunger
a - Recall                Summ/Tloc      N/A          100%        3    ####...


Dungeon Overview and Level Annotations

Branches:
Dungeon (10/15)            Temple (1/1) D:6            Lair (8/8) D:8
  Swamp (0/4) Lair:4       Spider (0/4) Lair:3        Slime (0/6) Lair:7
    Orc (2/2) D:10            Elf (1/3) Orc:2

Altars:
Ashenzari
Cheibriados
Dithmenos
Elyvilon
Fedhas
Gozag
Hepliaklqana
Kikubaaqudgha
Makhleb
Nemelex Xobeh
Okawaru
Pakellas
Qazlal
Ru
Sif Muna
Trog
Ukayaw
Vehumet
Xom
Yredelemnul
Zin
The Shining One
Beogh
Jiyva

Shops:
D:5 :   Orc:2 [*(=


Innate Abilities, Weirdness & Mutations

You have hooves in place of feet.
You are mostly covered in molten scales (AC +3, EV -1).
You may emit foul miasma when damaged in melee.
When hurt, damage is shared between your health and your magic reserves.
You regenerate magic rapidly.
You are immune to rotting.
You have a pair of small antennae on your head.
You possess an exceptional clarity of mind.
You passively map a small area around you.
Your system is resistant to poisons.
You occasionally shout uncontrollably at your foes.
You are resistant to electric shocks.


Message History

The deep elf knight gestures wildly while chanting.
The deep elf knight seems to speed up.
The deep elf mage mumbles some strange words.
The deep elf mage blinks!
Octavia hits the deep elf mage with a quarterstaff!
The deep elf mage dies!
The deep elf mage casts a spell.
The deep elf mage blinks!
A deep elf death mage comes into view. It is wielding a short sword.
Wield which item (- for none, * to show all)? (? for menu, Esc to quit)
The area is filled with flickering shadows.
x - a lantern of shadows (in hand)
The tarantella disappears in a puff of smoke!
The jumping spider disappears in a puff of smoke!
The redback disappears in a puff of smoke! x2
The deep elf knight seems less brilliant.
The deep elf knight is empowered by something's aura!
The deep elf mage casts a spell at you. The bolt of fire hits you!
You die...

#.........#
#+#..
##.......## ,
### ##.....+## *
####)...##
#$###.#
#.##..+#...#*
#####.#......?..
* #....)..# ....
#.###..## *....
+ * ##.(.## #..#
* #.#.ee@.##.§#
, #.....e§e(.§#
* #...##e.(##eE#
, , **
#...#*##W#ee# .
#...***#§#e.# ,
##.. ...##3e ,
##, ..§.. e## *
....## ,# * ,
....## ##... * ,
* *


You could see a deep elf sorcerer, a deep elf archer, a deep elf knight, 4 deep
elf magi, a battleaxe of flaming and the friendly Octavia the battlemage.

Vanquished Creatures
  An orc warlord (Orc:1)
  Donald (Orc:2)
  Fannar (Lair:1)
  5 hydras
  A catoblepas (Lair:8)
  A deep troll shaman (Lair:8)
  3 death yaks (Lair:8)
  A queen ant (Lair:1)
  The ghost of hafui the Summoner, a novice HuSu of Hepliaklqana (Orc:1)
  A hill giant (D:10)
  A lindwurm (Lair:8)
  2 orc knights
  Pikel (D:5)
  A griffon (Lair:8)
  2 orc sorcerers (Orc:2)
  4 deep elf magi
  10 elephants
  A black mamba (Lair:8)
  Joseph (Lair:1)
  Psyche (D:9)
  5 spiny frogs
  4 komodo dragons
  A troll (Orc:1)
  5 jumping spiders (Lair:3)
  A polar bear (Lair:7)
  A two-headed ogre (Orc:1)
  4 blink frogs
  A redback (Lair:3)
  A water elemental (Elf:1)
  2 wyverns
  An air elemental (Elf:1)
  5 hippogriffs
  A basilisk (Lair:3)
  20 yaks
  A warg (Orc:2)
  A hungry ghost (D:9)
  14 wolves
  Duvessa (D:5)
  4 water moccasins
  16 soldier ants (Lair:1)
  7 porcupines
  14 orc warriors
  4 slaves
  2 sky beasts
  5 black bears
  4 ice beasts
  A phantom (D:9)
  3 centaurs
  4 ogres
  A crocodile (Lair:3)
  11 giant frogs
  A gnoll sergeant (D:7)
  Dowan (D:5)
  A scorpion (D:4)
  2 killer bees
  5 wights
  A battlemage (Lair:4)
  4 electric eels
  2 crimson imps
  4 orc priests
  2 centaur zombies
  A hound (shapeshifter) (D:5)
  Crazy Yiuf (D:2)
  2 hounds
  3 iguanas
  17 orc wizards
  24 worker ants
  4 sheep (Lair:3)
  2 big kobold zombies (Ossuary)
  2 mummies (Ossuary)
  Robin (D:3)
  10 adders
  12 gnolls
  35 river rats
  A shadow imp (D:6)
  2 oozes (D:2)
  4 adder skeletons
  A worm (D:3)
  9 giant geckos
  60 orcs
  9 bats
  2 giant cockroaches
  15 goblins
  16 hobgoblins
  23 jackals
  7 quokkas
  2 ball pythons
  2 giant gecko skeletons
  11 giant newts
  A goblin zombie (Ossuary)
  2 hobgoblin zombies (Ossuary)
  2 kobolds (D:1)
  3 kobold zombies (Ossuary)
  5 rats
  3 fungi
502 creatures vanquished.

Vanquished Creatures (collateral kills)
  6 hydras
  An orc high priest (Orc:2)
  3 death yaks (Lair:8)
  Urug (Orc:1)
  Nergalle (Lair:1)
  Sonja (D:10)
  A hill giant (D:10)
  A griffon (Lair:5)
  3 orc knights
  2 orc sorcerers
  7 deep elf magi (Elf:1)
  A black mamba (Lair:5)
  12 elephants
  10 spiny frogs
  4 komodo dragons
  2 fire drakes
  3 trolls
  2 polar bears (Lair:8)
  A two-headed ogre (Orc:1)
  6 blink frogs
  2 redbacks (Lair:3)
  11 yaks
  2 hippogriffs
  A hungry ghost (D:8)
  3 basilisks
  Blork the orc (Orc:2)
  4 wargs
  12 wolves
  4 soldier ants (Lair:1)
  13 water moccasins
  5 porcupines
  2 ice beasts
  2 black bears
  4 ogres
  14 orc warriors
  An eye of draining (D:10)
  4 centaurs (Lair:7)
  3 crocodiles
  6 giant frogs
  A wyvern zombie (D:8)
  A killer bee (D:10)
  2 wights (D:7)
  4 electric eels
  A crimson imp (D:6)
  A hound (Lair:5)
  6 orc wizards
  3 orc priests (Orc:2)
  4 iguanas
  2 worker ants (Lair:1)
  3 sheep (Lair:3)
  3 mummies (Ossuary)
  2 gnolls
  48 river rats
  An adder (D:7)
  11 orcs
  A jackal (D:8)
  A quokka (D:10)
  A fungus (Lair:8)
  A plant (Lair:8)
259 creatures vanquished.

Vanquished Creatures (others)
  19 battlemagi
  35 fungi
  12 plants
66 creatures vanquished.

Grand Total: 827 creatures vanquished

Notes
Turn   | Place    | Note
--------------------------------------------------------------
     0 | D:1      | FIQ the Demonspawn Gladiator began the quest for the Orb.
     0 | D:1      | Reached XP level 1. HP: 16/16 MP: 1/1
   106 | D:1      | Gained mutation: You are immune to rotting. [demonic ancestry]
   106 | D:1      | Reached XP level 2. HP: 5/22 MP: 2/2
   106 | D:1      | Reached skill level 3 in Axes
   450 | D:1      | Reached skill level 1 in Armour
   468 | D:1      | Gained mutation: When hurt, damage is shared between your health and your magic reserves. [demonic ancestry]
   468 | D:1      | Reached XP level 3. HP: 8/27 MP: 3/3
   900 | D:2      | Gained mutation: You have large cloven feet. [demonic ancestry]
   900 | D:2      | Reached XP level 4. HP: 34/34 MP: 4/4
  1112 | D:2      | Noticed Crazy Yiuf
  1127 | D:2      | Killed Crazy Yiuf
  1398 | D:3      | Noticed Robin
  1405 | D:3      | Gained mutation: You are partially covered in molten scales (AC +1). [demonic ancestry]
  1405 | D:3      | Reached XP level 5. HP: 30/39 MP: 3/5
  1413 | D:3      | Killed Robin
  1456 | D:3      | Found a faded altar to an unknown god.
  1574 | D:3      | Reached skill level 4 in Axes
  2028 | D:4      | Reached XP level 6. HP: 30/47 MP: 2/6
  2485 | D:4      | Reached XP level 7. HP: 26/52 MP: 3/7
  2795 | D:4      | Reached skill level 5 in Axes
  2973 | D:5      | Entered Level 5 of the Dungeon
  3196 | D:5      | Found Hekareza's Book Shoppe.
  3208 | D:5      | Noticed Duvessa
  3208 | D:5      | Noticed Dowan
  3215 | D:5      | Killed Duvessa
  3228 | D:5      | Killed Dowan
  3434 | D:5      | Gained mutation: You have hoof-like feet. [demonic ancestry]
  3434 | D:5      | Reached XP level 8. HP: 59/61 MP: 8/8
  3472 | D:5      | Found a radiant altar of Vehumet.
  3654 | D:5      | Reached skill level 6 in Axes
  4201 | D:6      | Noticed Pikel
  4214 | D:5      | Paralysed by Pikel for 2 turns
  4300 | D:6      | HP: 2/61 [orc warrior/hand axe (10)]
  4304 | D:6      | Reached skill level 5 in Dodging
  4747 | D:5      | Paralysed by Pikel for 7 turns
  4824 | D:5      | Paralysed by Pikel for 5 turns
  4855 | D:5      | Killed Pikel
  4855 | D:5      | Reached skill level 5 in Fighting
  4855 | D:5      | Reached skill level 7 in Axes
  5122 | D:6      | Reached XP level 9. HP: 68/68 MP: 9/9
  5127 | D:6      | Got a dazzling chain mail
  5158 | D:6      | Found a staircase to the Ecumenical Temple.
  5213 | Temple   | Entered the Ecumenical Temple
  5362 | Temple   | Became a worshipper of Hepliaklqana
  5841 | D:6      | Reached skill level 5 in Armour
  5859 | D:6      | Identified the +7 chain mail of the Failed Coup {rN+ Regen+ Dex+5} (You found it on level 6 of the Dungeon)
  6011 | D:7      | Reached * piety under Hepliaklqana
  6225 | D:7      | Reached skill level 8 in Axes
  6259 | D:7      | Found a sand-covered staircase.
  6308 | Ossuary  | Entered an ossuary
  7225 | D:8      | Found a staircase to the Lair.
  7233 | D:8      | Gained mutation: You have a pair of small antennae on your head. [potion of mutation]
  7233 | D:8      | Gained mutation: You are resistant to electric shocks. [potion of mutation]
  7233 | D:8      | Gained mutation: You occasionally shout uncontrollably at your foes. [potion of mutation]
  7407 | D:8      | Gained mutation: You regenerate magic rapidly. [demonic ancestry]
  7407 | D:8      | Reached XP level 10. HP: 59/77 MP: 6/10
  7408 | D:8      | Found a stormy altar of Qazlal.
  7435 | D:8      | Found a hide-covered altar to Ukayaw.
  7525 | D:8      | Found a shattered altar of Ashenzari.
  7675 | D:8      | Reached skill level 9 in Axes
  7799 | D:8      | Reached ** piety under Hepliaklqana
  7800 | D:8      | Remembered your ancestor Octavia as a battlemage
  8078 | D:8      | Found a bloodstained altar of Trog.
  8101 | Lair:1   | Entered Level 1 of the Lair of Beasts
  8186 | Lair:1   | Noticed Nergalle
  8203 | Lair:1   | Killed Nergalle
  8214 | Lair:1   | Noticed Joseph
  8239 | Lair:1   | Your ally Octavia died
  8361 | Lair:1   | Your ally Octavia died
  8375 | Lair:1   | Killed Joseph
  8527 | Lair:1   | Your ally Octavia died
  8542 | Lair:1   | Reached skill level 10 in Axes
  8579 | Lair:1   | Your ally Octavia died
  8580 | Lair:1   | Reached XP level 11. HP: 24/86 MP: 6/11
  8680 | Lair:1   | Noticed a queen ant
  8713 | Lair:1   | Killed a queen ant
  8814 | Lair:1   | Your ally Octavia died
  9058 | Lair:1   | Reached *** piety under Hepliaklqana
  9091 | Lair:1   | Noticed Fannar
  9109 | Lair:1   | Killed Fannar
  9442 | Lair:2   | Reached skill level 11 in Axes
  9617 | Lair:2   | Your ally Octavia died
  9622 | Lair:2   | Gained mutation: You have hooves in place of feet. [potion of beneficial mutation]
  9831 | Lair:2   | Gained mutation: You passively map a small area around you. [potion of beneficial mutation]
 10510 | Lair:3   | Your ally Octavia died
 10574 | Lair:3   | Gained mutation: You may emit foul miasma when damaged in melee. [demonic ancestry]
 10574 | Lair:3   | Reached XP level 12. HP: 19/95 MP: 6/12
 10589 | Lair:3   | Found a hole to the Spider Nest.
 10833 | Lair:3   | Reached **** piety under Hepliaklqana
 11060 | Lair:3   | Noticed a seven-headed hydra
 11069 | Lair:3   | Killed a seven-headed hydra
 11078 | Lair:3   | Your ally Octavia died
 11296 | Lair:3   | Upgraded the game from 0.18-a0-1445-g6e6692a to 0.18-a0-1468-g4d15c65
 11356 | Lair:4   | Noticed a seven-headed hydra
 11359 | Lair:4   | Noticed a four-headed hydra
 11366 | Lair:4   | Your ally Octavia died
 11374 | Lair:4   | HP: 2/95 [four-headed hydra (10)]
 11378 | Lair:4   | Found a staircase to the Swamp.
 11559 | Lair:4   | Reached skill level 12 in Axes
 11571 | Lair:4   | Killed a four-headed hydra
 11709 | Lair:4   | Killed a seven-headed hydra
 11714 | Lair:4   | Killed a seven-headed hydra
 13173 | Lair:4   | Your ally Octavia died
 15578 | Lair:4   | Noticed a seven-headed hydra
 15586 | Lair:4   | Killed a seven-headed hydra
 15980 | Lair:5   | Noticed a five-headed hydra
 15985 | Lair:5   | Your ally Octavia died
 15986 | Lair:5   | Killed a five-headed hydra
 16127 | Lair:5   | Reached skill level 10 in Fighting
 16557 | Lair:5   | Reached ***** piety under Hepliaklqana
 16576 | Lair:5   | Reached XP level 13. HP: 45/103 MP: 7/13
 16675 | Lair:5   | Reached skill level 13 in Axes
 16970 | Lair:6   | Your ally Octavia died
 17135 | Lair:6   | Reached XP level 14. HP: 110/110 MP: 13/19
 17377 | Lair:6   | Gained mutation: Armour fits poorly on your strangely shaped body. [potion of mutation]
 17377 | Lair:6   | Gained mutation: Your system is resistant to poisons. [potion of mutation]
 17378 | Lair:6   | Gained mutation: You possess an exceptional clarity of mind. [potion of mutation]
 17574 | Lair:7   | Reached skill level 10 in Dodging
 17863 | Lair:7   | Found a deep blue altar of Sif Muna.
 17963 | Lair:7   | Got a pair of jewelled gloves
 17969 | Lair:7   | Identified the +0 pair of gloves "Keomom" {*Corrode rC+ Str+2 Int+5} (You found it on level 7 of the Lair of Beasts)
 18028 | Lair:7   | Found a viscous altar of Jiyva.
 18028 | Lair:7   | Found a staircase to the Slime Pits.
 18295 | Lair:8   | Entered Level 8 of the Lair of Beasts
 18401 | Lair:8   | Drew Focus: Dex increased to 21, Int decreased to 8
 18409 | Lair:8   | Lost mutation: Armour fits poorly on your strangely shaped body. [helix card]
 18496 | Lair:8   | Your ally Octavia died
 18791 | Lair:8   | Reached ****** piety under Hepliaklqana
 18792 | Lair:8   | Remembered your ancestor Octavia's dispersing death
 18836 | Lair:8   | Your ally Octavia died
 19048 | Lair:8   | Your ally Octavia died
 19194 | Lair:8   | Reached skill level 10 in Armour
 19194 | Lair:8   | Your ally Octavia died
 19245 | Lair:8   | Your ally Octavia died
 19539 | Lair:8   | Reached skill level 14 in Axes
 20558 | D:9      | Noticed Psyche
 20568 | D:9      | Killed Psyche
 20710 | D:10     | Entered Level 10 of the Dungeon
 20710 | D:10     | Noticed Sonja
 20735 | D:10     | Killed Sonja
 20905 | D:10     | Found a staircase to the Orcish Mines.
 21111 | Orc:1    | Entered Level 1 of the Orcish Mines
 21111 | Orc:1    | Noticed hafui's ghost (novice HuSu)
 21123 | Orc:1    | Killed hafui's ghost
 21158 | Orc:2    | Entered Level 2 of the Orcish Mines
 21274 | Orc:1    | Noticed Urug
 21284 | Orc:1    | Killed Urug
 21601 | Orc:2    | Gained mutation: You are mostly covered in molten scales (AC +3, EV -1). [demonic ancestry]
 21601 | Orc:2    | Reached XP level 15. HP: 91/119 MP: 20/20
 21605 | Orc:2    | Noticed Blork the orc
 21607 | Orc:2    | Noticed an orc warlord
 21615 | Orc:2    | Your ally Octavia died
 21789 | Orc:2    | Your ally Octavia died
 21981 | Orc:1    | Killed an orc warlord
 22080 | Orc:2    | Killed Blork the orc
 22122 | Orc:2    | Found a staircase to the Elven Halls.
 22235 | Orc:2    | Found a roughly hewn altar of Beogh.
 22253 | Orc:2    | Found Urhaleurph's General Store.
 22256 | Orc:2    | Found Gucirr's Antique Armour Emporium.
 22280 | Orc:2    | Found Ycraoxul's Antique Weapon Emporium.
 22286 | Orc:2    | Found Ycuiviv's Jewellery Emporium.
 22318 | Orc:2    | Bought a lantern of shadows for 220 gold pieces
 22336 | Orc:2    | Bought a bronze scale mail for 234 gold pieces
 22336 | Orc:2    | Identified the +3 scale mail "Muifrot" {Int+3} (You bought it in a shop on level 2 of the Orcish Mines)
 22555 | Orc:2    | Noticed Donald
 22569 | Orc:2    | Your ally Octavia died
 22596 | Orc:2    | Killed Donald
 22767 | Orc:2    | Hired Leodgh the torturous demonspawn for 657 gold.
 22818 | Elf:1    | Entered Level 1 of the Elven Halls
 23819 | Lair:8   | Learned a level 3 spell: Recall
 24277 | Elf:1    | Reached skill level 1 in Summonings
 24417 | Elf:1    | Noticed a deep elf sorcerer
 24427 | Elf:1    | Killed from afar by a deep elf mage

Vault maps used:
D:1:      dpeg_chamrin_arrival_tetris
D:2:      first_bread, uniq_crazy_yiuf_cottage
D:3:      ecumenical_altar_2, uniq_robin
D:5:      serial_shops, nicolae_shop_trees, vehumet_altar_wand_db, uniq_duvessa
D:6:      minmay_temple_entry_statues_fountains, uniq_pikel
D:7:      nicolae_ossuary_entry_plus, grunt_ogre_cave
D:8:      black_bear_nest_2, nicolae_overflow_quartered_altars,
          erik_lair_orcish_takeover
D:9:      minmay_stone_trees_small, uniq_psyche
D:10:     orc_david_3, uniq_sonja
Temple:   kilobyte_greek_temple_18
Lair:1:   minivault_23, minivault_29, uniq_joseph, uniq_fannar, uniq_nergalle
Lair:2:   serial_bayou_pond_a, beast_lair_carwin_1
Lair:3:   nicolae_spider_entry_tight_spaces, serial_bayou_pond_e,
          grunt_megastairs_1
Lair:4:   swamp_mist_pool, grunt_megastairs_4
Lair:5:   gammafunk_lair_bear_cave
Lair:6:   disabler_island, grunt_megastairs_5, lemuel_fruit_fields
Lair:7:   dpeg_slime_entry_enclosed_altar, lemuel_centaur_altar,
          grunt_megastairs_3
Lair:8:   grunt_lair_end_beastmaster, serial_bayou_shore_a
Orc:1:    uniq_urug
Orc:2:    grunt_orc_cross, uniq_donald
Elf:1:    minmay_elf_arrival_summoners, minmay_elf_demonology
Ossuary:  ossuary_crypta

Action                   |  1- 3 |  4- 6 |  7- 9 | 10-12 | 13-15 || total
-------------------------+-------+-------+-------+-------+-------++-------
Melee: War axe           |   131 |    91 |   152 |   379 |   629 ||  1382
       Quarterstaff      |       |   106 |   255 |   573 |   318 ||  1252
       Whip              |       |       |    34 |   196 |       ||   230
Invok: Recall Ancestor   |       |       |     1 |       |     1 ||     2
       Ancestor Life: Ba |       |       |       |     1 |       ||     1
       Romanticise       |       |       |       |     2 |     1 ||     3
       Ancestor Death: D |       |       |       |       |     1 ||     1
Evoke: Wand              |       |       |       |     1 |       ||     1
       Deck              |       |       |       |       |    10 ||    10
  Use: Scroll            |       |     5 |     6 |     9 |    19 ||    39
       Potion            |       |     1 |    15 |     8 |     5 ||    29
 Stab: Paralysed         |       |       |     5 |     5 |     4 ||    14
       Petrifying        |       |       |     2 |     1 |     1 ||     4
       Distracted        |       |       |     3 |    14 |    19 ||    36
       Betrayed ally     |       |       |       |    72 |       ||    72
       Confused          |       |       |       |     1 |     3 ||     4
       Petrified         |       |       |       |     1 |     3 ||     4
  Eat: Chunk             |       |     6 |    21 |    17 |    18 ||    62
       Meat ration       |       |       |       |     3 |     1 ||     4
       Fruit             |       |       |       |       |     3 ||     3
       Beef jerky        |       |       |       |       |     1 ||     1
